[Event "360 One Wealth GP-3 2024"]
[Site "Mumbai"]
[Date "2024.02.09"]
[Round "6.3"]
[White "Dodhiya Punit"]
[Black "Bartakke, Amardeep S."]
[Result "0-1"]
[ECO "B23"]
[WhiteElo "1369"]
[BlackElo "1961"]
[Annotator "NA RC"]
[PlyCount "106"]
[EventDate "2024.02.04"]
[EventType "swiss"]
[EventCountry "IND"]
[SourceTitle "playchess.com"]
[Source "ChessBase"]
[SourceQuality "1"]
[TimeControl "5400+30"]

1. e4 c5 2. Nc3 a6 3. f4 b5 4. Nf3 Bb7 5. d3 e6 6. g3 b4 7. Nb1 d5 8. Qe2 dxe4 9. dxe4 Nf6 10. Nbd2 Be7 11. Bg2 O-O 12. O-O a5 13. Nc4 Bxe4 14. h3 Qc7 15. Be3 Nbd7 16. g4 Bb7 17. Rae1 Nd5 18. Nfd2 Bf6 19. Kh1 Rad8 20. f5 exf5 21. Rxf5 Nxe3 22. Qxe3 g6 23. Rff1 Bd4 24. Qf4 Bxg2+ 25. Kxg2 Qb7+ 26. Kh2 Qa6 27. b3 Nf6 28. Ne4 Nd5 29. Qf3 a4 30. Ng5 axb3 31. axb3 Qa7 32. h4 Qd7 33. h5 Nf6 34. hxg6 hxg6 35. Qh3 Qxg4 36. Qh6 Qh5+ 37. Qxh5 Nxh5 38. Re7 Bf6 39. Rxf6 Nxf6 40. Ne5 Nd5 41. Rxf7 Rxf7 42. Nexf7 Re8 43. Nd6 Re2+ 44. Kg3 Rxc2 45. Nge4 Kg7 46. Kf3 Nf6 47. Ng5 Nd7 48. Nge4 Ne5+ 49. Kf4 Nd3+ 50. Ke3 Nc1 51. Ne8+ Kf8 52. N8d6 Nxb3 53. Kd3 Rc1 0-1

[Event "360 One Wealth GP-3 2024"]
[Site "Mumbai"]
[Date "2024.02.09"]
[Round "6.4"]
[White "Kapadi Yash"]
[Black "Miranka Trishad"]
[Result "1-0"]
[ECO "E05"]
[WhiteElo "1626"]
[BlackElo "1341"]
[Annotator "NA RC"]
[PlyCount "109"]
[EventDate "2024.02.04"]
[EventType "swiss"]
[EventCountry "IND"]
[SourceTitle "playchess.com"]
[Source "ChessBase"]
[SourceQuality "1"]
[TimeControl "5400+30"]

1. d4 d5 2. g3 e6 3. Bg2 Nf6 4. Nf3 Be7 5. O-O O-O 6. c4 dxc4 7. Ne5 Nc6 8. Nxc6 bxc6 9. Na3 Bxa3 10. bxa3 Nd5 11. Qc2 Rb8 12. Qxc4 Rb6 13. Qc2 Qf6 14. Rd1 Qg6 15. Qd2 f5 16. a4 Ba6 17. Ba3 Rfb8 18. Rac1 f4 19. Bxd5 cxd5 20. a5 R6b7 21. Qxf4 Bc4 22. a6 Bxa6 23. Rxc7 Rxc7 24. Qxc7 Rc8 25. Qd7 h6 26. Bc5 Qe4 27. Re1 Rb8 28. Qd6 Rb1 29. Rxb1 Qxb1+ 30. Kg2 Qe4+ 31. f3 Qxe2+ 32. Kh3 Qxf3 33. Qxa6 Qf5+ 34. Kg2 Qc2+ 35. Kf3 Qe4+ 36. Kf2 Qh1 37. Qxe6+ Kh7 38. Qf5+ Kh8 39. Qc8+ Kh7 40. Qh3 Qb1 41. a3 Qc2+ 42. Ke3 Qc1+ 43. Kf3 Qc2 44. Qe6 g5 45. Qxd5 Qd3+ 46. Kg4 h5+ 47. Kxg5 Qg6+ 48. Kf4 Qg4+ 49. Ke3 Qd1 50. Qf5+ Kh8 51. Qf3 Qb3+ 52. Kf2 Qa2+ 53. Qe2 Qf7+ 54. Kg1 Qg6 55. d5 1-0

[Event "360 One Wealth GP-3 2024"]
[Site "Mumbai"]
[Date "2024.02.09"]
[Round "6.5"]
[White "Soni Deepak R"]
[Black "Iyer Vivek"]
[Result "1-0"]
[ECO "A40"]
[WhiteElo "1445"]
[BlackElo "1359"]
[Annotator "NA RC"]
[PlyCount "58"]
[EventDate "2024.02.04"]
[EventType "swiss"]
[EventCountry "IND"]
[SourceTitle "playchess.com"]
[Source "ChessBase"]
[SourceQuality "1"]
[TimeControl "5400+30"]

1. d4 e5 2. dxe5 Nc6 3. Nf3 d6 4. Bf4 d5 5. e3 Bg4 6. Be2 Qd7 7. O-O O-O-O 8. Nd4 Bxe2 9. Qxe2 Nxd4 10. exd4 Qf5 11. Bg3 g5 12. e6 Qxe6 13. Qxe6+ fxe6 14. Be5 Nh6 15. Bxh8 Nf5 16. c3 Nd6 17. Nd2 Be7 18. Be5 Nf5 19. Rfe1 Kd7 20. Rad1 h5 21. c4 c6 22. cxd5 exd5 23. Nf1 Bb4 24. Re2 h4 25. Ne3 Nh6 26. Bg7 Nf7 27. Ng4 Nd6 28. Bf6 Rg8 29. Be7 Rg6 1-0

[Event "360 One Wealth GP-3 2024"]
[Site "Mumbai"]
[Date "2024.02.09"]
[Round "6.7"]
[White "Sunil, Vaidya"]
[Black "Muthe Dhruv"]
[Result "0-1"]
[ECO "A45"]
[WhiteElo "1402"]
[BlackElo "1169"]
[Annotator "NA RC"]
[PlyCount "112"]
[EventDate "2024.02.04"]
[EventType "swiss"]
[EventCountry "IND"]
[SourceTitle "playchess.com"]
[Source "ChessBase"]
[SourceQuality "1"]
[TimeControl "5400+30"]

1. d4 Nf6 2. Nf3 g6 3. Bg5 Ne4 4. Bf4 d6 5. Nbd2 Nf6 6. e4 Bg7 7. h3 O-O 8. c3 Re8 9. Bc4 Nh5 10. Bg5 h6 11. g4 hxg5 12. gxh5 e6 13. hxg6 f6 14. h4 d5 15. Bb3 g4 16. Ng1 f5 17. e5 c5 18. f3 g3 19. f4 Bh6 20. Qf3 cxd4 21. cxd4 Qb6 22. Ne2 Nc6 23. Qc3 Bd7 24. Rg1 Rac8 25. Qe3 Nb4 26. Rxg3 Bb5 27. g7 Nd3+ 28. Kd1 Nxb2+ 29. Ke1 Nd3+ 30. Kd1 Qd8 31. Rg5 Bxg5 32. fxg5 Kxg7 33. Rb1 Qa5 34. Bc2 Rxc2 35. Kxc2 Qxa2+ 36. Kd1 Ba4+ 37. Rb3 Qa1+ 38. Nc1 Qxc1+ 39. Ke2 Bxb3 40. Nxb3 Qxe3+ 41. Kxe3 Nb2 42. Nc5 b6 43. Nd7 Rh8 44. Nf6 Rxh4 45. Ne8+ Kg6 46. Nc7 f4+ 47. Kf3 Kf5 48. g6 Rg4 49. Ne8 Rg3+ 50. Kf2 Nd3+ 51. Ke2 Re3+ 52. Kd2 Kxg6 53. Nc7 Kf7 54. Nb5 Nf2 55. Nxa7 Ne4+ 56. Kd1 f3 0-1

[Event "360 One Wealth GP-3 2024"]
[Site "Mumbai"]
[Date "2024.02.09"]
[Round "6.9"]
[White "Reyaansh Venkat"]
[Black "Joglekar, Abhijit"]
[Result "1-0"]
[ECO "B00"]
[WhiteElo "1201"]
[BlackElo "1502"]
[Annotator "NA RC"]
[PlyCount "79"]
[EventDate "2024.02.04"]
[EventType "swiss"]
[EventCountry "IND"]
[SourceTitle "playchess.com"]
[Source "ChessBase"]
[SourceQuality "1"]
[TimeControl "5400+30"]

1. e4 g6 2. d4 Bg7 3. Nf3 b6 4. Nc3 Bb7 5. Bc4 e6 6. Bg5 f6 7. Bh4 g5 8. Bg3 a6 9. a4 Ne7 10. O-O Ng6 11. d5 e5 12. d6 c6 13. Qe2 b5 14. axb5 axb5 15. Bb3 Rxa1 16. Rxa1 b4 17. Qc4 Rf8 18. Qxb4 Ba6 19. Bc4 Bxc4 20. Ra8 Ba6 21. Rxb8 Bc8 22. Na4 g4 23. Nb6 gxf3 24. Rxc8 Qxc8 25. Nxc8 f5 26. exf5 Rxf5 27. Qe4 Rf6 28. gxf3 Kd8 29. Ne7 Rxd6 30. Nxg6 Rxg6 31. Qh4+ Bf6 32. Qxh7 Rg7 33. Qh8+ Ke7 34. Kf1 Ke6 35. Qh3+ Kd6 36. Qf5 Ke7 37. Bxe5 Bxe5 38. Qxe5+ Kf7 39. Qxg7+ Kxg7 40. Ke2 1-0

[Event "360 One Wealth GP-3 2024"]
[Site "Mumbai"]
[Date "2024.02.09"]
[Round "6.10"]
[White "Kush Ajay Agarwal"]
[Black "Agraval, Shravana"]
[Result "1-0"]
[ECO "B71"]
[WhiteElo "1458"]
[BlackElo "1224"]
[Annotator "NA RC"]
[PlyCount "89"]
[EventDate "2024.02.04"]
[EventType "swiss"]
[EventCountry "IND"]
[SourceTitle "playchess.com"]
[Source "ChessBase"]
[SourceQuality "1"]
[TimeControl "5400+30"]

1. e4 c5 2. Nf3 d6 3. d4 cxd4 4. Nxd4 Nf6 5. Nc3 g6 6. f4 Nc6 7. Bb5 Bd7 8. Be3 Bg7 9. h3 Rc8 10. O-O O-O 11. Be2 Nxd4 12. Bxd4 Be6 13. Qd2 Bc4 14. Rad1 Bxe2 15. Qxe2 Qa5 16. a3 Nh5 17. Kh2 Bxd4 18. Rxd4 Nxf4 19. Qd2 Ne6 20. Nd5 Qd8 21. Rd3 Rc4 22. Qe1 f6 23. c3 Ng5 24. Re3 e6 25. Nf4 Qe7 26. h4 Nf7 27. Qg3 Ne5 28. Qh3 f5 29. exf5 gxf5 30. Rg3+ Ng4+ 31. Rxg4+ fxg4 32. Qxg4+ Kh8 33. Ng6+ hxg6 34. Rxf8+ Qxf8 35. Qxc4 e5 36. Kg3 Kg7 37. Qe4 Qe7 38. Kf3 Qf7+ 39. Ke2 Qb3 40. Qb4 Qxb4 41. axb4 b5 42. Kd3 d5 43. b3 Kf6 44. g4 a6 45. c4 1-0

[Event "360 One Wealth GP-3 2024"]
[Site "Mumbai"]
[Date "2024.02.09"]
[Round "6.11"]
[White "Mukul Samir Rane"]
[Black "Ishaan A Tendolkar"]
[Result "0-1"]
[ECO "B01"]
[WhiteElo "1194"]
[BlackElo "1451"]
[Annotator "NA RC"]
[PlyCount "110"]
[EventDate "2024.02.04"]
[EventType "swiss"]
[EventCountry "IND"]
[SourceTitle "playchess.com"]
[Source "ChessBase"]
[SourceQuality "1"]
[TimeControl "5400+30"]

1. e4 d5 2. Nf3 dxe4 3. Ng5 Nf6 4. Bc4 e6 5. Nc3 h6 6. Ngxe4 Be7 7. O-O Nbd7 8. d3 Ne5 9. Bb3 O-O 10. Bf4 Ng6 11. Bg3 Nxe4 12. dxe4 c6 13. Qe2 e5 14. Rad1 Qc7 15. Qh5 Kh7 16. Qe2 a5 17. a4 Qb8 18. h3 Bb4 19. Qe3 b6 20. Ne2 Ba6 21. c3 Bc5 22. Qf3 Qc7 23. Rfe1 f6 24. Nd4 Bxd4 25. cxd4 Rad8 26. Qc3 Rxd4 27. Qxd4 exd4 28. Bxc7 c5 29. Bg3 c4 30. Ba2 d3 31. Bc7 Rc8 32. Bxb6 Nf4 33. Be3 Ne2+ 34. Kf1 c3 35. bxc3 Nxc3 36. Kg1 Nxa2 37. Rd2 Nc3 38. f3 Ne2+ 39. Kf2 Rb8 40. Bc5 Kg8 41. Red1 Rb3 42. Ra1 Kf7 43. Ra3 Nc1 44. Ke1 Rb7 45. Be3 Nb3 46. Rb2 Bc4 47. Bd2 Ke6 48. Kf2 Kd6 49. g4 g5 50. f4 Kc5 51. Be3+ Kb4 52. Raa2 Kc3 53. Bd2+ Nxd2 54. Rxd2 Bxa2 55. Rxa2 Rb2+ 0-1

[Event "360 One Wealth GP-3 2024"]
[Site "Mumbai"]
[Date "2024.02.09"]
[Round "6.12"]
[White "Arnav Ashish Thatte"]
[Black "Tanmay Sanjay More"]
[Result "1-0"]
[ECO "C68"]
[WhiteElo "1280"]
[BlackElo "1156"]
[Annotator "NA RC"]
[PlyCount "71"]
[EventDate "2024.02.04"]
[EventType "swiss"]
[EventCountry "IND"]
[SourceTitle "playchess.com"]
[Source "ChessBase"]
[SourceQuality "1"]
[TimeControl "5400+30"]

1. e4 e5 2. Nf3 Nc6 3. Bb5 a6 4. Bxc6 dxc6 5. h3 Bd6 6. O-O Nf6 7. Re1 O-O 8. d4 Re8 9. dxe5 Bb4 10. Qxd8 Rxd8 11. c3 Be7 12. exf6 Bxf6 13. Bf4 Be6 14. Bxc7 Rd7 15. Be5 Be7 16. Nbd2 Rad8 17. Nd4 c5 18. Nxe6 fxe6 19. Nf3 Bf6 20. Bxf6 gxf6 21. Kf1 b5 22. Ke2 Rg7 23. g3 b4 24. c4 a5 25. Rad1 Ra8 26. Rd6 Re7 27. Rc6 f5 28. e5 a4 29. Rd1 Ra5 30. Rdd6 Kf7 31. Ng5+ Kg6 32. Rxe6+ Rxe6 33. Nxe6 Kh5 34. Nf4+ Kg5 35. f3 b3 36. h4# 1-0

[Event "360 One Wealth GP-3 2024"]
[Site "Mumbai"]
[Date "2024.02.09"]
[Round "6.13"]
[White "Vihaan Ravi Rao"]
[Black "Devesh Anil Ambre"]
[Result "1/2-1/2"]
[ECO "A36"]
[WhiteElo "1184"]
[BlackElo "1198"]
[Annotator "NA RC"]
[PlyCount "116"]
[EventDate "2024.02.04"]
[EventType "swiss"]
[EventCountry "IND"]
[SourceTitle "playchess.com"]
[Source "ChessBase"]
[SourceQuality "1"]
[TimeControl "5400+30"]

1. e4 c5 2. c4 Nc6 3. Nc3 g6 4. g3 Bg7 5. Bg2 a6 6. Nge2 Rb8 7. a4 d6 8. O-O h5 9. h4 Nf6 10. d3 Bd7 11. f4 Qc8 12. Rb1 Ng4 13. Nd5 b5 14. axb5 axb5 15. b3 Nd4 16. Ne3 bxc4 17. dxc4 Ba4 18. Nxd4 Bxd4 19. Qd3 O-O 20. Kh1 Bd7 21. Nxg4 Bxg4 22. f5 Bg7 23. fxg6 fxg6 24. Bg5 Qe6 25. Kh2 Be5 26. Bh6 Rf6 27. Bg5 Rxf1 28. Rxf1 Rf8 29. Rxf8+ Kxf8 30. Bf3 Ke8 31. Bxg4 Qxg4 32. Kg2 Kd7 33. Qf3 Kc6 34. Qxg4 hxg4 35. Bxe7 Kb6 36. Bd8+ Kc6 37. Ba5 Kb7 38. Bd2 Kb6 39. Bf4 Ka5 40. Bd2+ Kb6 41. Be1 Ka6 42. Kf2 Kb6 43. Ke2 Kc6 44. Kd3 Kb6 45. Kc2 Ka6 46. Kb1 Kb6 47. Ka2 Ka6 48. Ka3 Kb6 49. b4 cxb4+ 50. Kxb4 Kc6 51. Bf2 Bb2 52. Kb3 Be5 53. Kc2 Bf6 54. Kd3 Be5 55. Be1 Kc5 56. Bf2+ Kb4 57. Be1+ Kc5 58. Bf2+ Kb4 1/2-1/2

[Event "360 One Wealth GP-3 2024"]
[Site "Mumbai"]
[Date "2024.02.11"]
[Round "7.1"]
[White "Kulkarni, Vikramaditya"]
[Black "Mishra Sanjeev"]
[Result "1-0"]
[ECO "C48"]
[WhiteElo "2193"]
[BlackElo "1683"]
[Annotator "TA"]
[PlyCount "109"]
[EventDate "2024.02.04"]
[EventType "swiss"]
[EventCountry "IND"]
[SourceTitle "playchess.com"]
[Source "ChessBase"]
[SourceQuality "1"]
[TimeControl "5400+30"]

1. e4 e5 2. Nf3 Nc6 3. Bb5 Nf6 4. O-O Bc5 5. Nc3 O-O 6. d3 d6 7. Bg5 h6 8. Bh4 Bg4 9. Bxc6 bxc6 10. h3 {[%emt 0:00:15] The position is equal.} Bxf3 11. Qxf3 g5 12. Bg3 Rb8 13. Na4 {[%emt 0:04:35] [#] And now Nxc5 would win.} Bb6 14. Rad1 Re8 15. c3 Re6 16. Rfe1 Qe7 17. Rd2 Re8 18. Qd1 Kg7 19. Bh2 Nd7 20. Kh1 Qf8 21. Nxb6 Nxb6 22. Rde2 f5 23. exf5 Qxf5 24. f3 Nd5 25. Qa4 Qxd3 26. Qxc6 R8e7 27. Qa4 a6 28. Qe4 Qxe4 29. Rxe4 Nb6 30. c4 Kf6 31. Bg1 d5 32. cxd5 Nxd5 33. Rc4 Rd7 34. g3 (34. Kh2 $14) 34... Nb6 35. Rc2 Red6 36. Rec1 Nd5 37. a3 Re6 38. Rc4 Ke7 39. Bc5+ Kd8 40. R1c2 Kc8 41. Re2 Nf6 42. Bb4 (42. Bd4 $16) 42... Rd3 $11 43. Kg2 Nd7 (43... Nd5 $11 {remains equal.} 44. Rce4 Rf6) 44. Rec2 $16 c5 45. Bxc5 Rc6 $2 {[%emt 0:00:30][%mdl 8192] [#] This move loses the game for Black.} (45... Nxc5 $16 {was necessary.} 46. Rxc5+ Kb7 47. Rc7+ Kb6) 46. Bf8 $1 $18 Rxc4 47. Rxc4+ {[%emt 0:00:30][%mdl 4096] Endgame. KRB-KRN} Kb7 48. Bxh6 Rd2+ 49. Kf1 Nb6 50. Rb4 a5 51. Rb5 Kc6 52. Bxg5 ({Much less strong is} 52. Rxa5 Nc4) 52... Rc2 (52... Rd1+ $142 53. Ke2 Rb1) 53. Rxe5 {[%emt 0:00:30] White is clearly winning.} Rxb2 54. Rxa5 Nc4 55. Rf5 {[%emt 0:00:30] Weighted Error Value: White=0.13 (very precise) /Black=0.28 (precise) .  Loses game:     	---       	Black=1      Mistake:       	White=2     	Black=2      Inaccurate:     	White=2     	Black=6      OK:         	White=15    	Black=18     Best:        	White=3     	---        Brilliant:      	White=1     	---} 1-0

[Event "360 One Wealth GP-3 2024"]
[Site "Mumbai"]
[Date "2024.02.11"]
[Round "7.2"]
[White "Bartakke, Amardeep S."]
[Black "Soni Deepak R"]
[Result "1-0"]
[ECO "B18"]
[WhiteElo "1961"]
[BlackElo "1445"]
[Annotator "TA"]
[PlyCount "68"]
[EventDate "2024.02.04"]
[EventType "swiss"]
[EventCountry "IND"]
[SourceTitle "playchess.com"]
[Source "ChessBase"]
[SourceQuality "1"]
[TimeControl "5400+30"]

1. e4 c6 2. d4 d5 3. Nd2 dxe4 4. Nxe4 Bf5 5. Ng3 Bg6 6. Bc4 e6 7. N1e2 Nf6 8. Nf4 Bd6 9. Bb3 Qc7 10. Qf3 Bxf4 11. Bxf4 Qb6 {[%emt 0:01:03] Black is weak on the dark squares} 12. Rd1 {[%emt 0:02:44] White is slightly better.} O-O 13. O-O {[%emt 0:02:03] Active counter play!} a5 14. a4 Nbd7 15. h4 h6 16. h5 Bh7 17. Bd6 Rfe8 18. Rfe1 Rac8 19. Be5 c5 (19... Qb4 {is more complex.} 20. Bf4 b5 21. Bd2 Qxd4 22. Bxh6 Qh4) 20. dxc5 Nxe5 21. Rxe5 Rxc5 (21... Qb4 $15 {stays ahead.}) 22. Rxc5 $16 Qxc5 23. Qxb7 Nxh5 24. Qb5 Qxb5 25. axb5 Nf4 (25... Nxg3 $16 26. fxg3 Kf8) 26. b6 g5 27. Rd7 ({Resist} 27. b7 h5 28. f3 Rb8) 27... Rb8 28. b7 h5 $2 (28... Bg6 29. c4 Nd3) 29. c4 $18 Nd3 30. Rc7 {[%emt 0:03:09] [#] Against Nc5. And now Rc8+ would win.} Kg7 31. Nxh5+ Kh6 32. Nf6 ({Not} 32. Rxf7 Bg6 33. Rc7 Bxh5 $14) 32... Bg6 33. Nd7 Bh7 34. Nf6 $2 {[#]} (34. Nxb8 $18 {Nd7 would kill now.} Nb4 35. Nc6 (35. Rxf7 Be4 $18)) 34... Ne5 $2 {[%emt 0:00:01][%mdl 8192] Weighted Error Value: White=0.24 (precise) /Black=0.43.  Mistake:       	---       	Black=3      Inaccurate:     	White=1     	Black=3      OK:         	White=9     	Black=9      Best:        	White=3     	Black=1} (34... Bg6 $11 35. Nd7 Rxb7) 1-0

[Event "360 One Wealth GP-3 2024"]
[Site "Mumbai"]
[Date "2024.02.11"]
[Round "7.3"]
[White "Arnav Mahesh Koli"]
[Black "Pawar Sohum"]
[Result "1-0"]
[ECO "C50"]
[WhiteElo "1755"]
[BlackElo "1442"]
[Annotator "NA RC"]
[PlyCount "117"]
[EventDate "2024.02.04"]
[EventType "swiss"]
[EventCountry "IND"]
[SourceTitle "playchess.com"]
[Source "ChessBase"]
[SourceQuality "1"]
[TimeControl "5400+30"]

1. e4 e5 2. Nf3 Nc6 3. Bc4 Bc5 4. Nc3 Nf6 5. d3 a6 6. a3 d6 7. h3 h6 8. Be3 Qe7 9. Qd2 Bd7 10. O-O-O b5 11. Nd5 Nxd5 12. Bxd5 Rb8 13. b4 Bxe3 14. Qxe3 Rb6 15. g4 g6 16. d4 Kf8 17. dxe5 dxe5 18. Qc5 f6 19. Bxc6 Rxc6 20. Rxd7 Rxc5 21. Rxe7 Rc3 22. Rd7 Rxf3 23. Rhd1 Rg8 24. Rxc7 Ke8 25. Rd6 Rxa3 26. Kb2 Ra4 27. c3 a5 28. Rb6 Kd8 29. Ra7 Kc8 30. Rxb5 Rd8 31. Ra8+ Kc7 32. Rxd8 Kxd8 33. Rxa5 Rxa5 34. bxa5 Kd7 35. Kb3 Kc6 36. Kc4 h5 37. gxh5 gxh5 38. h4 Kd6 39. Kb5 Ke6 40. Kc6 f5 41. f3 fxe4 42. fxe4 Ke7 43. Kc7 Ke6 44. a6 Ke7 45. a7 Ke6 46. a8=Q Ke7 47. Qh8 Ke6 48. Qxh5 Kf6 49. Kd6 Kg7 50. Ke7 Kg8 51. Qg5+ Kh7 52. Kf7 Kh8 53. c4 Kh7 54. c5 Kh8 55. c6 Kh7 56. c7 Kh8 57. h5 Kh7 58. Qg6+ Kh8 59. c8=Q# 1-0

[Event "360 One Wealth GP-3 2024"]
[Site "Mumbai"]
[Date "2024.02.11"]
[Round "7.4"]
[White "Muthe Dhruv"]
[Black "Kapadi Yash"]
[Result "0-1"]
[ECO "B06"]
[WhiteElo "1169"]
[BlackElo "1626"]
[Annotator "NA RC"]
[PlyCount "64"]
[EventDate "2024.02.04"]
[EventType "swiss"]
[EventCountry "IND"]
[SourceTitle "playchess.com"]
[Source "ChessBase"]
[SourceQuality "1"]
[TimeControl "5400+30"]

1. e4 g6 2. d3 Bg7 3. Nf3 c5 4. c3 d5 5. Nbd2 Nc6 6. g3 Nf6 7. e5 Ng4 8. d4 cxd4 9. cxd4 Qb6 10. Nb3 Bf5 11. Bd3 Bxd3 12. Qxd3 Nb4 13. Qc3 Qb5 14. Nc5 b6 15. a4 Qc4 16. Qxc4 dxc4 17. O-O bxc5 18. h3 Nh6 19. dxc5 Rc8 20. a5 O-O 21. Ra4 Nd3 22. Rxc4 Rxc5 23. Rxc5 Nxc5 24. Be3 Nb3 25. Rd1 Nxa5 26. Rd7 Nc6 27. Rc7 Nxe5 28. Nxe5 Bxe5 29. Rxe7 Bf6 30. Rxa7 Nf5 31. Bc5 Rc8 32. b4 Bd4 0-1

[Event "360 One Wealth GP-3 2024"]
[Site "Mumbai"]
[Date "2024.02.11"]
[Round "7.5"]
[White "Raghav, Srivathsav V"]
[Black "Arnav Ashish Thatte"]
[Result "1-0"]
[ECO "A06"]
[WhiteElo "2017"]
[BlackElo "1280"]
[Annotator "TA"]
[PlyCount "57"]
[EventDate "2024.02.04"]
[EventType "swiss"]
[EventCountry "IND"]
[SourceTitle "playchess.com"]
[Source "ChessBase"]
[SourceQuality "1"]
[TimeControl "5400+30"]

1. Nf3 Nf6 2. b3 d5 3. Bb2 c5 4. e3 g6 5. Be2 Bg7 6. d3 Nc6 7. Ne5 O-O 8. Nd2 {[%emt 0:02:20] The position is equal.} Nxe5 9. Bxe5 b6 10. f4 Bb7 11. Bf3 Qd7 12. O-O Rfd8 13. a4 a6 14. g4 Rac8 15. g5 Ne8 16. Bg4 e6 17. Nf3 Nd6 18. Qe1 (18. Bxg7 {is interesting.} Kxg7 19. Qe1 Nf5 20. h4) 18... Nf5 19. Bh3 (19. Bxg7 {feels hotter.} Kxg7 20. Ne5 Qe7 21. h4) 19... Bxe5 (19... Qe7 $142) 20. Nxe5 $11 Qe7 21. Ng4 Kg7 (21... h5 $11 {keeps the balance.} 22. Nf6+ Kf8) 22. e4 $16 dxe4 23. dxe4 Nd4 24. Ra2 ({White should try} 24. Qh4 $1 $16 {[%cal Rh4h6] Black must now prevent Qh6+.} Kh8 (24... Bxe4 $2 {perishes.} 25. Qh6+ Kh8 26. Nf6 $18) 25. f5 Ne2+ (25... gxf5 $2 26. Nf6 $18) (25... Nxc2 $2 26. fxg6 fxg6 27. Ne5 $18) 26. Kf2) 24... Qd6 $2 {[%emt 0:07:47][%mdl 8192] [#] Loses the game.} (24... c4 $11 {and Black has nothing to worry.} 25. Bg2 c3 (25... cxb3 26. cxb3 Kh8 27. b4 $15)) 25. c3 $1 $18 Nxb3 $2 {[%emt 0:00:51] [#]} (25... c4) 26. Qh4 $1 {[%emt 0:00:19] Threatening mate with Qh6+.} Nd2 27. Qh6+ {[%emt 0:00:33] White mates.} Kh8 {[%emt 0:00:40] [#]} 28. Nf6 $1 Nxf1 (28... Nf3+ 29. Rxf3) 29. Qxh7# {[%emt 0:00:10] Weighted Error Value: White=0.08 (flawless) /Black=0.87.  Loses game:     	---       	Black=1      Mistake:       	White=1     	Black=3      Inaccurate:     	White=1     	Black=1      OK:         	White=6     	Black=6      Best:        	White=1     	Black=1      Strong:       	White=2     	---} 1-0

[Event "360 One Wealth GP-3 2024"]
[Site "Mumbai"]
[Date "2024.02.11"]
[Round "7.6"]
[White "Kherdekar Arnav"]
[Black "Reyaansh Venkat"]
[Result "1-0"]
[ECO "D02"]
[WhiteElo "1693"]
[BlackElo "1201"]
[Annotator "NA RC"]
[PlyCount "77"]
[EventDate "2024.02.04"]
[EventType "swiss"]
[EventCountry "IND"]
[SourceTitle "playchess.com"]
[Source "ChessBase"]
[SourceQuality "1"]
[TimeControl "5400+30"]

1. d4 d5 2. Bf4 Nf6 3. e3 c6 4. Nf3 Bf5 5. c4 e6 6. Qb3 Qb6 7. Nc3 Qxb3 8. axb3 Nbd7 9. c5 Nh5 10. b4 Nxf4 11. exf4 f6 12. Kd2 Bg4 13. Be2 Bxf3 14. Bxf3 e5 15. fxe5 fxe5 16. dxe5 b6 17. cxb6 Nxb6 18. b5 c5 19. Kc2 Rd8 20. Rxa7 Be7 21. Rb7 d4 22. Bc6+ Kf8 23. Rxb6 dxc3 24. bxc3 Kf7 25. c4 h5 26. Bd5+ Kf8 27. Ra1 Rh6 28. Rb7 Rg6 29. Raa7 Bh4 30. g3 Bg5 31. f4 Bh6 32. Rf7+ Kg8 33. Rxg7+ Kf8 34. Rxg6 Bg7 35. Rgxg7 Rxd5 36. cxd5 h4 37. Rgb7 hxg3 38. hxg3 Kg8 39. Rb8# 1-0

[Event "360 One Wealth GP-3 2024"]
[Site "Mumbai"]
[Date "2024.02.11"]
[Round "7.7"]
[White "Ishaan A Tendolkar"]
[Black "Kush Ajay Agarwal"]
[Result "1/2-1/2"]
[ECO "D25"]
[WhiteElo "1451"]
[BlackElo "1458"]
[Annotator "NA RC"]
[PlyCount "91"]
[EventDate "2024.02.04"]
[EventType "swiss"]
[EventCountry "IND"]
[SourceTitle "playchess.com"]
[Source "ChessBase"]
[SourceQuality "1"]
[TimeControl "5400+30"]

1. d4 d5 2. c4 dxc4 3. e3 Be6 4. Nf3 c6 5. Nc3 Nf6 6. a4 Nd5 7. Qc2 Nb4 8. Qd1 Bf5 9. e4 Bg4 10. Bxc4 Bxf3 11. gxf3 Qxd4 12. Qxd4 Nc2+ 13. Kf1 Nxd4 14. Kg2 Nd7 15. Be3 Nxf3 16. Bxf7+ Kxf7 17. Kxf3 Ne5+ 18. Ke2 g6 19. b3 Bg7 20. Rac1 Rhd8 21. Rhd1 Ng4 22. Rxd8 Rxd8 23. Rd1 Rxd1 24. Nxd1 Nxe3 25. Nxe3 Be5 26. h3 Bc7 27. Kd3 Ke6 28. Ng2 Kf6 29. f3 e6 30. b4 b5 31. axb5 cxb5 32. Kd4 Bb6+ 33. Kd3 a5 34. bxa5 Bxa5 35. Nf4 Ke5 36. Ne2 Bb6 37. Kc3 Bc5 38. Kd3 g5 39. Kc3 h5 40. Kd3 Bf2 41. Kc3 g4 42. fxg4 hxg4 43. hxg4 Kxe4 44. Kb4 Kf3 45. Nc3 Be1 46. g5 1/2-1/2

[Event "360 One Wealth GP-3 2024"]
[Site "Mumbai"]
[Date "2024.02.11"]
[Round "7.8"]
[White "Shreyas G Kaushik"]
[Black "Vihaan Ravi Rao"]
[Result "0-1"]
[ECO "B94"]
[WhiteElo "1416"]
[BlackElo "1184"]
[Annotator "NA COMBH RC"]
[PlyCount "62"]
[EventDate "2024.02.04"]
[EventType "swiss"]
[EventCountry "IND"]
[SourceTitle "playchess.com"]
[Source "ChessBase"]
[SourceQuality "1"]
[TimeControl "5400+30"]

1. e4 c5 2. Nf3 d6 3. d4 cxd4 4. Nxd4 Nf6 5. Nc3 a6 6. Bg5 Nbd7 7. f4 Qc7 8. Qf3 h6 9. Bh4 g5 10. fxg5 hxg5 11. Bxg5 Qc5 12. Be3 Ne5 13. Qe2 Neg4 14. Bg1 Qg5 15. Nf3 Qh6 16. Nd2 Ne5 17. Qe3 Qg6 18. O-O-O Bh6 19. Qd4 Nc6 20. Qa4 Bg4 21. Re1 O-O 22. Nd5 Nxd5 23. exd5 Bxd2+ 24. Kxd2 Qg5+ 25. Be3 Qxd5+ 26. Kc1 Ne5 27. Bh6 Rfc8 28. Qf4 Bh5 29. Kb1 Rxc2 30. Kxc2 Bg6+ 31. Kc1 {[%emt 0:00:01] Check Result:-#4} Rc8+ 0-1

[Event "360 One Wealth GP-3 2024"]
[Site "Mumbai"]
[Date "2024.02.11"]
[Round "7.9"]
[White "Mayanka Rakesh Rana"]
[Black "Sunil, Vaidya"]
[Result "0-1"]
[ECO "A46"]
[WhiteElo "1136"]
[BlackElo "1402"]
[Annotator "NA RC"]
[PlyCount "50"]
[EventDate "2024.02.04"]
[EventType "swiss"]
[EventCountry "IND"]
[SourceTitle "playchess.com"]
[Source "ChessBase"]
[SourceQuality "1"]
[TimeControl "5400+30"]

1. d4 Nf6 2. Nf3 e6 3. e3 c5 4. Bd3 cxd4 5. exd4 Nc6 6. a3 d5 7. Nc3 a6 8. Bf4 b5 9. O-O Be7 10. Re1 Bb7 11. Be5 Rc8 12. Ne2 Qb6 13. c3 a5 14. Nf4 Nxe5 15. Nxe5 Bd6 16. Qe2 O-O 17. Bxb5 Ne4 18. Nxe6 fxe6 19. Nd7 Qc7 20. Nxf8 Bxh2+ 21. Kh1 Rxf8 22. Rf1 Rf6 23. Bd3 Rh6 24. Bxe4 Bg1+ 25. Kxg1 Qh2# 0-1

[Event "360 One Wealth GP-3 2024"]
[Site "Mumbai"]
[Date "2024.02.11"]
[Round "7.10"]
[White "Chakraborty Aryan"]
[Black "Dodhiya Punit"]
[Result "0-1"]
[ECO "A80"]
[WhiteElo "1137"]
[BlackElo "1369"]
[Annotator "NA RC"]
[PlyCount "34"]
[EventDate "2024.02.04"]
[EventType "swiss"]
[EventCountry "IND"]
[SourceTitle "playchess.com"]
[Source "ChessBase"]
[SourceQuality "1"]
[TimeControl "5400+30"]

1. d4 e6 2. Bf4 f5 3. e3 Nf6 4. Nf3 b6 5. Bd3 Bb7 6. Nbd2 d6 7. Qe2 Nbd7 8. e4 fxe4 9. Nxe4 Qe7 10. Neg5 O-O-O 11. O-O-O Re8 12. Rhe1 Nd5 13. Bg3 Nb4 14. Bc4 g6 15. Qxe6 Qxe6 16. Bxe6 Bh6 17. a3 Bxf3 0-1